 Dungeon Crawl Stone Soup version 0.27-a0-364-g31b3477d74 (webtiles) character file.

Game seed: 2611214779768203722

43945 tilp the Warrior (level 14, -1/86 HPs)
             Began as a Vine Stalker Brigand on Feb 16, 2021.
             Was an Elder of Trog.
             Slain by a three-headed hydra (9 damage)
             ... on level 6 of the Lair of Beasts.
             The game lasted 00:34:08 (17459 turns).

tilp the Warrior (Vine Stalker Brigand)            Turns: 17459, Time: 00:34:09

Health: -1/86      AC: 22    Str: 18    XL:     14   Next: 26%
Magic:  0/15       EV:  7    Int: 12    God:    Trog [****..]
Gold:   1042       SH: 10    Dex: 16    Spells: 13/13 levels left

rFire    . . .     SeeInvis .   b - +5 scimitar (flame)
rCold    . . .     Faith    .   u - +0 kite shield
rNeg     . . .     Spirit   +   H - +0 plate armour
rPois    +         Reflect  .   l - +2 helmet
rElec    .         Harm     .   c - +2 cloak
rCorr    .         Rampage  .   (no gloves)
Will     +++..                  h - +2 pair of boots {Fly}
Stlth    ..........             (no amulet)
HPRegen  2.24/turn              E - ring of poison resistance
MPRegen  0.14/turn              (no ring)

@: flying, regenerating
A: fangs 3, regeneration 1, magic shield, antimagic bite, no potion heal 3
a: Stop Flying, Renounce Religion, Berserk, Trog's Hand, Brothers in Arms


You were on level 6 of the Lair of Beasts.
You worshipped Trog.
Trog was greatly pleased with you.
You visited 3 branches of the dungeon, and saw 18 of its levels.
You also visited: Ossuary.

You collected 1196 gold pieces.
You spent 154 gold pieces at shops.

Inventory:

Hand Weapons
 a - a +4 dagger of draining
 b - a +5 scimitar of flaming (weapon)
 m - a +4 great sword of freezing
 v - a +1 dagger of venom
 B - the +9 war axe of the Pill Bug {drain, +Blink rElec}
   (You found it on level 9 of the Dungeon)

   A truly terrible weapon, it drains the life of those it strikes.
   It insulates you from electricity.
   It lets you blink.
 G - a +2 dagger
 P - the +6 war axe of Hootia {flame, +Fly rC+ Int-5 Dex+7}
   (You found it on level 6 of the Lair of Beasts)

   It has been specially enchanted to burn those struck by it, causing extra
   injury to most foes and up to half again as much damage against particularly
   susceptible opponents.
   Big, fiery blades are also staple armaments of hydra-hunters.
   It affects your intelligence (-5).
   It affects your dexterity (+7).
   It protects you from cold.
   It lets you fly.
 Q - the +9 long sword of an ice cave {antimagic, +Fly rC+ Int+4}
   (You found it on level 6 of the Lair of Beasts)

   It reduces the magical energy of the wielder, and disrupts the spells and
   magical abilities of those hit.
   Natural abilities and divine invocations are not affected.
   It affects your intelligence (+4).
   It protects you from cold.
   It lets you fly.
Missiles
 d - 114 poisoned darts (quivered)
 q - 3 boomerangs
 t - 16 curare-tipped darts {!f}
 x - 7 throwing nets
Armour
 c - a +2 cloak (worn)
 h - a +2 pair of boots of flying (worn)
 l - a +2 helmet (worn)
 u - a +0 kite shield (worn)
 H - a +0 plate armour (worn)
Jewellery
 E - a ring of poison resistance (left hand)
 F - a ring of fire
Wands
 s - a wand of charming (15)
 w - a wand of polymorph (11)
 y - a wand of flame (56)
 O - a wand of digging (3)
Scrolls
 A - a scroll of enchant weapon
 D - 5 scrolls of identify
 J - 2 scrolls of brand weapon
 K - 2 scrolls of enchant armour
 M - a scroll of fog
Potions
 e - a potion of berserk rage
 f - a potion of magic
 g - 4 potions of might
 i - 10 potions of curing
 j - 3 potions of lignification
 k - 6 potions of haste
 n - a potion of invisibility
 o - a potion of flight
 r - 3 potions of cancellation
 z - 2 potions of resistance
 I - 2 potions of mutation
Miscellaneous
 p - a phial of floods
 C - a lightning rod (1/4)
 L - a phantom mirror (inert)
 N - a box of beasts (inert)


   Skills:
 - Level 15.0 Fighting
 - Level 10.0 Short Blades
 - Level 6.0 Throwing
 + Level 5.7 Armour
 + Level 7.3 Dodging
 - Level 6.0 Stealth
 + Level 6.0 Shields
 - Level 8.0 Evocations


You had 13 spell levels left.
You didn't know any spells.
Your spell library was empty.

Dungeon Overview and Level Annotations

Branches:
Dungeon (11/15)            Temple (1/1) D:4            Lair (6/6) D:8
 Shoals (0/4) Lair:3       Spider (0/4) Lair:2        Slime (0/5) Lair:5
    Orc (0/2) D:9         Ossuary (visited)

Altars:
Ashenzari
Cheibriados
Dithmenos
Elyvilon
Fedhas
Gozag
Hepliaklqana
Kikubaaqudgha
Makhleb
Nemelex Xobeh
Okawaru
Qazlal
Ru
Sif Muna
Trog
Uskayaw
Vehumet
Wu Jian
Xom
Yredelemnul
Zin
The Shining One
Jiyva

Shops:
D:5 [   D:9 :(   D:10 !

Annotations:
D:1 dig vault
Lair:2 1 runed translucent door, PeterMcNeter's ghost, journeyman TrBe
Lair:5 exclusion: oklob plant
Lair:6 Rupert


Innate Abilities, Weirdness & Mutations

You have razor-sharp teeth.
Your natural rate of healing is unusually fast.
When hurt, damage is shared between your health and your magic reserves.
Your bite disrupts and absorbs the magic of your enemies.
Potions cannot restore your health.


Message History

Rupert hits your juvenile oxfire beast with a +1 executioner's axe of holy wrath!!
Rupert hits Rupert with a +1 executioner's axe of holy wrath.
Your juvenile oxfire beast hits Rupert!
Your juvenile oxfire beast tramples Rupert!
Rupert holds his ground!
Your skin crawls.
You feel strong-willed.
You block the four-headed hydra's attack.
The four-headed hydra bites you.
* * * LOW HITPOINT WARNING * * *
The four-headed hydra bites you but does no damage. x2
Rupert hits Rupert with a +1 executioner's axe of holy wrath!
Rupert hits your juvenile oxfire beast with a +1 executioner's axe of holy wrath.
Rupert hits Rupert with a +1 executioner's axe of holy wrath.
Your juvenile oxfire beast hits Rupert.
Your juvenile oxfire beast tramples Rupert but does no damage.
Unknown command.
Your +5 scimitar of flaming bursts into flame!
b - a +5 scimitar of flaming (weapon)
The four-headed hydra barely misses you.
You block the four-headed hydra's attack. x2
The four-headed hydra bites you.
* * * LOW HITPOINT WARNING * * *
Rupert hits Rupert with a +1 executioner's axe of holy wrath!!
You lop one of the four-headed hydra's heads off!
The flame cauterises the wound!
You slash the three-headed hydra! You burn the three-headed hydra.
The three-headed hydra is moderately wounded.
Rupert hits your juvenile oxfire beast with a +1 executioner's axe of holy wrath!!
Your juvenile oxfire beast dies!
Your juvenile oxfire beast's corpse disappears in a puff of smoke!
Rupert barely misses Rupert.
You block the three-headed hydra's attack.
The three-headed hydra bites you but does no damage.
The three-headed hydra bites you!
* * * LOW HITPOINT WARNING * * *
Rupert closely misses Rupert.
You block the three-headed hydra's attack.
The three-headed hydra bites you!
You die...

........#...##.#≈..≈.###
........#....#≈≈≈≈≈≈P≈≈≈
..###.......#.#≈.≈≈≈≈≈≈≈
.............#..≈##≈≈##≈
#...##.#†.....P..##≈≈#.≈
##.#####§@##.P......≈≈..
##.#[..§..............
#....D@......##......#
#....@......#.###..P..
##.............###.#..#
#..#..........###.#.#.#
###...P........#####.#.
#.........#.#.###.....
##..############.#....
#.#..# #...... ##...#
#...... #...## #......


You could see Rupert (berserk, drained, ally target), a three-headed hydra and
the friendly Rupert (summoned, berserk, drained).

Vanquished Creatures
  Gastronok (Lair:3)
  8 hydras
  Harold (D:10)
  A merfolk avatar (Lair:6)
  2 catoblepae
  A sea snake (Lair:6)
  Pikel (D:7)
  A harpy (Lair:6)
  3 manticores (Lair:6)
  5 elephants
  A black mamba (Lair:5)
  18 cane toads
  6 komodo dragons
  5 rime drakes (Lair:6)
  2 jumping spiders (Lair:2)
  4 polar bears
  A wind drake (Lair:6)
  2 hornets (Lair:6)
  Grinder (D:4)
  21 blink frogs
  A redback (Lair:2)
  A hog (D:10)
  34 yaks
  5 wyverns
  2 basilisks (Lair:5)
  Eustachio (D:6)
  Menkaure (D:4)
  A steam dragon (D:10)
  17 water moccasins
  A soldier ant (D:10)
  A meliai simulacrum (D:10)
  2 ice beasts
  2 orc warriors
  2 sky beasts
  3 necrophages (D:7)
  An eye of draining (D:10)
  2 ogres (D:5)
  6 wolves
  5 centaurs
  A lemure (D:7)
  2 elf zombies (Ossuary)
  A phantom (D:4)
  A gnoll sergeant (D:10)
  2 kobold brigands (D:9)
  14 bullfrogs
  A wyvern skeleton (D:7)
  6 scorpions
  10 killer bees
  3 wights (D:9)
  A crimson imp (D:9)
  A centaur zombie (Ossuary)
  A bullfrog zombie (D:7)
  2 hounds
  2 jellies
  A bullfrog skeleton (D:8)
  4 orc priests
  An iguana (D:9)
  12 orc wizards
  5 worker ants
  A killer bee zombie (D:6)
  2 hound zombies
  A hound skeleton (D:8)
  2 mummies (Ossuary)
  A worker ant zombie (D:6)
  7 adders
  8 gnolls
  4 white imps
  5 ufetubi
  2 adder zombies
  3 adder skeletons
  3 worms (D:3)
  2 dart slugs
  2 leopard geckos
  36 orcs
  12 bats
  3 giant cockroaches
  10 goblins
  8 hobgoblins
  11 jackals
  16 kobolds
  3 quokkas
  2 ball pythons
  3 frilled lizards
  A goblin zombie (Ossuary)
  9 hobgoblin zombies (Ossuary)
  A jackal skeleton (D:5)
  2 jackal zombies (Ossuary)
  9 kobold zombies (Ossuary)
  A leopard gecko zombie (D:7)
  11 orc zombies (Ossuary)
  11 rats
  A rat zombie (Ossuary)
437 creatures vanquished.

Vanquished Creatures (collateral kills)
  A boulder beetle (Lair:4)
  A hydra (Lair:2)
  2 elephants (Lair:5)
  A cane toad (Lair:2)
  A gargoyle (D:10)
  A basilisk (Lair:2)
  A worker ant zombie (D:10)
  2 gnolls (D:10)
10 creatures vanquished.

Vanquished Creatures (others)
  Sigmund (D:3)
  A bush (D:7)
  23 fungi
  82 plants
107 creatures vanquished.

Grand Total: 554 creatures vanquished

Notes
Turn   | Place    | Note
-------+----------+-------------------------------------------
     0 | D:1      | tilp the Vine Stalker Brigand began the quest for the Orb.
     0 | D:1      | Reached XP level 1. HP: 11/11 MP: 2/2
   180 | D:1      | Reached XP level 2. HP: 15/15 MP: 3/3
   337 | D:1      | Reached XP level 3. HP: 18/18 MP: 4/4
  1221 | D:2      | Found a shadowy altar of Dithmenos.
  1394 | D:2      | Gained mutation: Your natural rate of healing is unusually
                  | fast. [Vine Stalker growth]
  1394 | D:2      | Reached XP level 4. HP: 23/23 MP: 5/5
  1486 | D:2      | Found a faded altar of an unknown god.
  1932 | D:3      | Reached XP level 5. HP: 22/26 MP: 3/6
  2066 | D:3      | Reached skill level 5 in Short Blades
  2279 | D:4      | Reached XP level 6. HP: 30/30 MP: 7/7
  2470 | D:3      | Noticed Sigmund
  2490 | D:3      | Killed Sigmund
  2783 | D:4      | Noticed Menkaure
  2794 | D:4      | Killed Menkaure
  2795 | D:4      | Reached XP level 7. HP: 9/34 MP: 3/8
  3224 | D:4      | Found a staircase to the Ecumenical Temple.
  3232 | D:4      | Noticed Grinder
  3277 | D:4      | Killed Grinder
  3278 | D:4      | Gained mutation: You have razor-sharp teeth. [Vine Stalker
                  | growth]
  3278 | D:4      | Reached XP level 8. HP: 38/38 MP: 9/9
  3296 | Temple   | Entered the Ecumenical Temple
  3976 | Temple   | Became a worshipper of Trog the Wrathful
  4374 | D:5      | Entered Level 5 of the Dungeon
  5009 | D:5      | Found Plog's Armour Shop.
  5015 | D:5      | Bought a +0 helmet for 58 gold pieces
  5437 | D:6      | Reached * piety under Trog
  5467 | D:6      | Noticed Eustachio
  5713 | D:6      | Killed Eustachio
  5714 | D:6      | Reached skill level 10 in Short Blades
  5714 | D:6      | Reached skill level 2 in Fighting
  6016 | D:6      | Reached skill level 3 in Fighting
  6016 | D:6      | Reached XP level 9. HP: 44/44 MP: 10/10
  6205 | D:7      | Reached skill level 1 in Dodging
  6301 | D:7      | Reached skill level 4 in Fighting
  6424 | D:7      | Reached ** piety under Trog
  6611 | D:7      | Noticed Pikel
  6617 | D:7      | Killed Pikel
  6618 | D:7      | Reached skill level 5 in Fighting
  6717 | D:7      | Found a blossoming altar of Fedhas.
  6894 | D:8      | Found a sand-covered staircase.
  6905 | Ossuary  | Entered an ossuary
  7083 | Ossuary  | Reached *** piety under Trog
  7084 | Ossuary  | Reached skill level 6 in Fighting
  7231 | D:8      | Noticed a hornet
  7238 | D:8      | Paralysed by a hornet for 2 turns
  7451 | D:8      | Reached skill level 1 in Shields
  7483 | D:8      | Reached skill level 1 in Armour
  7483 | D:8      | Reached skill level 1 in Evocations
  7654 | D:8      | Reached XP level 10. HP: 53/53 MP: 11/11
  7843 | D:8      | Found a staircase to the Lair.
  8158 | D:9      | Found Nusajoum's Book Boutique.
  8184 | D:9      | Found a staircase to the Orcish Mines.
  8191 | D:9      | Found Plog's Weapon Shoppe.
  8561 | D:9      | Got a bloodstained war axe
  8990 | D:9      | Reached **** piety under Trog
  9117 | D:10     | Entered Level 10 of the Dungeon
  9239 | D:10     | Found an iron altar of Okawaru.
  9415 | D:10     | Noticed Sonja
  9452 | D:10     | Noticed Sonja
  9452 | D:10     | Sonja changed into Sonja the hog
  9457 | D:10     | Killed Sonja the hog
  9476 | D:10     | Noticed Harold
  9542 | D:10     | Killed Harold
  9543 | D:10     | Reached skill level 7 in Fighting
  9543 | D:10     | Reached skill level 5 in Dodging
  9543 | D:10     | Reached XP level 11. HP: 58/58 MP: 12/12
  9881 | D:10     | Found Nemiexif's Distillery.
  9885 | D:10     | Bought a potion of invisibility for 96 gold pieces
 10037 | D:11     | Noticed a green ugly thing
 10140 | Lair:1   | Entered Level 1 of the Lair of Beasts
 10359 | Lair:1   | Reached skill level 8 in Fighting
 10359 | Lair:1   | Reached skill level 5 in Stealth
 10628 | Lair:1   | Reached skill level 5 in Evocations
 10635 | Lair:1   | Identified the +9 war axe of the Pill Bug {drain, +Blink
                  | rElec} (You found it on level 9 of the Dungeon)
 11344 | Lair:1   | Identified a scroll of acquirement
 11344 | Lair:1   | Acquired a manual of Fighting
 11399 | Lair:2   | Found a runed translucent door.
 11399 | Lair:2   | Found a shimmering altar of Xom.
 11399 | Lair:2   | Noticed PeterMcNeter's ghost (journeyman TrBe)
 11399 | Lair:2   | Noticed a +1 glaive of chaos
 11486 | Lair:2   | Found a hole to the Spider Nest.
 11525 | Lair:2   | Reached skill level 9 in Fighting
 11911 | Lair:2   | Noticed a four-headed hydra
 11921 | Lair:2   | Reached skill level 10 in Fighting
 11923 | Lair:2   | Killed a four-headed hydra
 11924 | Lair:2   | Reached XP level 12. HP: 60/69 MP: 13/13
 12445 | Lair:3   | Noticed a catoblepas
 12453 | Lair:3   | Killed a catoblepas
 12454 | Lair:3   | Reached skill level 11 in Fighting
 12673 | Lair:3   | Reached skill level 12 in Fighting
 12918 | Lair:3   | Noticed a seven-headed hydra
 12939 | Lair:3   | Killed a seven-headed hydra
 12988 | Lair:3   | Reached skill level 13 in Fighting
 13093 | Lair:3   | You are sucked into a shaft and drop 2 floors!
 13347 | Lair:3   | Found a staircase to the Shoals.
 13348 | Lair:3   | Noticed Gastronok
 13358 | Lair:3   | Noticed a six-headed hydra
 13391 | Lair:2   | Reached skill level 14 in Fighting
 13570 | Lair:3   | Killed a six-headed hydra
 13693 | Lair:3   | Killed Gastronok
 13694 | Lair:3   | Reached XP level 13. HP: 68/79 MP: 14/14
 13911 | Lair:4   | You are sucked into a shaft and drop 2 floors!
 13911 | Lair:6   | Entered Level 6 of the Lair of Beasts
 14098 | Lair:5   | Reached skill level 15 in Fighting
 14451 | Lair:5   | Reached ***** piety under Trog
 14521 | Lair:5   | Reached skill level 5 in Throwing
 15929 | Lair:5   | Found a staircase to the Slime Pits.
 15930 | Lair:5   | Found a viscous altar of Jiyva.
 15978 | Lair:5   | Found a sacrificial altar of Ru.
 16702 | Lair:6   | Reached skill level 5 in Shields
 16706 | Lair:6   | Reached XP level 14. HP: 78/86 MP: 15/15
 16748 | Lair:6   | Reached skill level 5 in Armour
 17233 | Lair:6   | Identified Beutue's Collected Works on the Quantum
                  | Entourage
 17238 | Lair:6   | Got a translucent war axe
 17242 | Lair:6   | Got a translucent long sword
 17355 | Lair:6   | Identified the +6 war axe of Hootia {flame, +Fly rC+ Int-5
                  | Dex+7} (You found it on level 6 of the Lair of Beasts)
 17356 | Lair:6   | Identified the +9 long sword of an ice cave {antimagic,
                  | +Fly rC+ Int+4} (You found it on level 6 of the Lair of
                  | Beasts)
 17440 | Lair:6   | Noticed Rupert
 17459 | Lair:6   | Slain by a three-headed hydra

Illustrated notes

Levels and vault maps discovered:
D:1:      dpeg_arrival_subterranean_lakeside_camping, layout_loops_ring,
          due_unseen_surprise
D:2:      layout_loops_corners, grunt_dithmenos_smoke,
          chequers_ecumenical_altar_twisty
D:3:      layout_basic, uniq_sigmund
D:4:      layout_basic, minmay_temple_entry_glassed_door, uniq_grinder,
          uniq_menkaure
D:5:      layout_basic, serial_shops, nicolae_shop_waterfront
D:6:      layout_rooms, uniq_eustachio
D:7:      layout_rooms, roderic_roman_lattice, fedhas_altar_decomposition,
          uniq_pikel
D:8:      layout_cave_pools, david_lair_shrubbed,
          lightli_ossuary_entry_decrepit_ruins
D:9:      minmay_weird_star, layout_rooms, orc_0_dummy, serial_shops, shop,
          kennysheep_mini, minmay_fire_ice_demons
D:10:     layout_roguey, serial_shops, shop, okawaru_metal_pillars_1_2,
          uniq_sonja, uniq_harold
D:11:     kennysheep_seaside_town, layout_cave_pools, serial_column_ruins,
          column_ruins_open_medium, column_ruins_columns_water,
          column_ruins_grid_1, column_ruins_open_tiny, column_ruins_open_tiny,
          lemuel_blue_sif_altar
Temple:   nicolae_temple_the_god_donut
Lair:1:   layout_cave_pods
Lair:2:   layout_cave_pods, spider_nest_entry_funnel_web, ebering_ghost_xom,
          lemuel_fruit_tree
Lair:3:   layout_cave_pods, minmay_shoals_entry_centaurs,
          chequers_serial_rivers_large_a, serial_bayou_ford_a, uniq_gastronok
Lair:4:   layout_gridlike, grunt_megastairs_4
Lair:5:   layout_cave_pods, slime_altar_1, basic_altar,
          minmay_lair_oklob_bushes, nzn_random_ring, grunt_megastairs_5
Lair:6:   gammafunk_lair_ancient_temple, layout_cave_pods,
          gammafunk_lair_bear_cave, uniq_rupert

Skill      XL: |  1  2  3  4  5  6  7  8  9 10 11 12 13 14 |
---------------+-------------------------------------------+-----
Short Blades   | 2 3 4 5 7 8 10 | 10.0
Fighting       | 3 6 7 10 14 15 | 15.0
Dodging        | 4 5 6 7 |  7.3
Shields        | 1 4 5 6 |  6.0
Armour         | 1 4 5 |  5.7
Evocations     | 1 4 6 8 |  8.0
Stealth        | 6 |  6.0
Throwing       | 6 |  6.0

Action                   |  1- 3 |  4- 6 |  7- 9 | 10-12 | 13-15 || total
-------------------------+-------+-------+-------+-------+-------++-------
Melee: Dagger            |    79 |   263 |   719 |   981 |   639 ||  2681
       Bite              |    15 |    67 |   256 |   380 |   297 ||  1015
       Scimitar          |       |       |       |       |    24 ||    24
Throw: Dart              |       |    12 |    31 |    19 |    28 ||    90
Invok: Trog's Hand       |       |       |     2 |     6 |     9 ||    17
       Berserk           |       |       |     1 |     3 |     1 ||     5
       Brothers in Arms  |       |       |       |     4 |     2 ||     6
Evoke: Wand              |       |       |       |     1 |     3 ||     4
       Lightning rod     |       |       |       |     4 |     7 ||    11
       Box of beasts     |       |       |       |       |     1 ||     1
       Phantom mirror    |       |       |       |       |     1 ||     1
  Use: Scroll            |     2 |       |    16 |    19 |     7 ||    44
 Stab: Sleeping          |    15 |       |       |       |       ||    15
       Distracted        |       |       |       |     1 |       ||     1
Armor: Robe              |    24 |       |       |       |       ||    24
       Chain mail        |    15 |   130 |   350 |   181 |       ||   676
       Plate armour      |       |       |       |   235 |   411 ||   646
Dodge: Dodged            |    31 |    52 |   109 |   151 |   145 ||   488
Block: Kite shield       |       |       |   169 |   334 |   294 ||   797
       Rpst.: Scimitar   |       |       |       |       |     1 ||     1

Table legend: (Time is in decaauts)
 A = Elapsed time spent in this place.
 B = Non-inter-level travel time spent in this place.
 C = Inter-level travel time spent in this place.
 D = Time resting spent in this place.
 E = Time spent auto-exploring this place.
 F = Levels seen in this place.
 G = Mean time per level.
                   A        B        C        D        E       F      G
               +--------+--------+--------+--------+--------+-----+--------+
         Total |  16856 |  15974 |    882 |   1695 |  10295 |  19 |  887.2 |
       Dungeon |   8875 |   8350 |    525 |    900 |   5302 |  11 |  806.8 |
        Temple |    687 |    643 |     44 |      0 |    638 |   1 |  687.0 |
          Lair |   7022 |   6709 |    313 |    794 |   4279 |   6 | 1170.3 |
       Ossuary |    271 |    271 |      0 |      0 |     76 |   1 |  271.0 |
               +--------+--------+--------+--------+--------+-----+--------+

Top non-repeatable levels by time:
  Lair:5: 1543 daAuts
  Lair:2: 1255 daAuts
  Lair:1: 1210 daAuts
     D:5: 1190 daAuts
  Lair:6: 1109 daAuts
  Lair:3: 1013 daAuts
     D:4: 1002 daAuts
     D:9: 958 daAuts
     D:2: 927 daAuts
    D:10: 927 daAuts
  Lair:4: 889 daAuts
     D:1: 851 daAuts
     D:7: 836 daAuts
     D:8: 802 daAuts
     D:3: 789 daAuts
